 Dungeon Crawl Stone Soup version 0.28.0 (webtiles) character file.

Game seed: 9123240060137788183

673 benadryl the Shield-Bearer (level 7, -7/44 HPs)
             Began as a Gargoyle Fighter on Feb 4, 2022.
             Killed from afar by Ijyb (18 damage)
             ... with a bolt of acid
             ... on level 5 of the Dungeon.
             The game lasted 00:10:30 (4395 turns).

benadryl the Shield-Bearer (Gargoyle Fighter)       Turns: 4395, Time: 00:10:31

Health: -7/44      AC: 11    Str: 21    XL:     7   Next: 59%
Magic:  7/7        EV:  7    Int:  9    God:
Gold:   138        SH:  6    Dex: 21    Spells: 6/6 levels left

rFire   . . .      SeeInvis .   a - +0 war axe
rCold   . . .      Faith    .   c - +0 buckler
rNeg    + . .      Spirit   .   m - +0 chain mail
rPois   ∞          Reflect  .   o - +0 helmet
rElec   +          Harm     .   (no cloak)
rCorr   .          Rampage  .   (no gloves)
Will    .....                   (no boots)
Stlth   ..........              (no amulet)
HPRegen 0.14/turn               i - +6 ring of dexterity
MPRegen 0.10/turn               j - +6 ring of dexterity

@: mighty, corroded
A: sickness immunity, AC +4, negative energy resistance 1, electricity
resistance, torment resistance 1, petrification resistance
a: no special abilities


You were on level 5 of the Dungeon.
You visited 1 branch of the dungeon, and saw 5 of its levels.

You collected 138 gold pieces.

Inventory:

Hand Weapons
 a - a +0 war axe (weapon)
 b - a +0 hunting sling
Missiles
 k - 141 stones (quivered)
 l - 58 sling bullets
 r - a curare-tipped dart
Armour
 c - a +0 buckler (worn)
 m - a +0 chain mail (worn)
 o - a +0 helmet (worn)
Jewellery
 i - a +6 ring of dexterity (left hand)
 j - a +6 ring of dexterity (right hand)
Scrolls
 g - a scroll of noise {unknown}
 h - a scroll of holy word {unknown}
 q - 3 scrolls of teleportation
Potions
 d - a potion of might
 e - a potion of haste
 f - a potion of curing {@q1}
 n - a potion of mutation {unknown}
 p - a potion of attraction
 s - a potion of ambrosia {unknown}


   Skills:
 + Level 5.5 Fighting
 * Level 5.3 Axes
 - Level 0.3(3.6) Maces & Flails
 - Level 3.2 Armour
 + Level 5.5 Shields


You had 6 spell levels left.
You didn't know any spells.
Your spell library was empty.

Dungeon Overview and Level Annotations

Branches:
Dungeon (5/15)
 Temple: D:4-7

Altars:
Dithmenos
Fedhas
Hepliaklqana
Trog
Uskayaw
Xom
Yredelemnul
Zin

Shops:
D:2 [:((

Annotations:
D:2 1 runed translucent door, Crazy Yiuf
D:4 3 runed translucent doors, iwittbrodt's ghost, amateur GnWn
D:5 Ijyb


Innate Abilities, Weirdness & Mutations

You are immune to sickness and miasma.
Your stone body is resilient. (AC +4)
You are immune to poison.
You resist negative energy. (rN+)
You are resistant to electric shocks. (rElec)
You are resistant to unholy torment.
You are immune to petrification.


Message History

Fire: 62 sling bullets
Press: ? - help, Q - select action, (/) - cycle Shift-Dir - straight line, f - Ijyb
Aim: Ijyb, wielding a +0 dagger, wearing a +4 ring mail of fire resistance and carrying a wand of acid (10) (61% to hit)
You shoot a sling bullet.
The sling bullet hits Ijyb but does no damage.
Fire: 61 sling bullets
Press: ? - help, Q - select action, (/) - cycle Shift-Dir - straight line, f/p - Ijyb
Aim: Ijyb, wielding a +0 dagger, wearing a +4 ring mail of fire resistance and carrying a wand of acid (10) (61% to hit)
You shoot a sling bullet. The sling bullet closely misses Ijyb.
Fire: 60 sling bullets
Press: ? - help, Q - select action, (/) - cycle Shift-Dir - straight line, f/p - Ijyb
Aim: Ijyb, wielding a +0 dagger, wearing a +4 ring mail of fire resistance and carrying a wand of acid (10) (61% to hit)
You shoot a sling bullet. The sling bullet barely misses Ijyb.
Fire: 59 sling bullets
Press: ? - help, Q - select action, (/) - cycle Shift-Dir - straight line, f/p - Ijyb
Aim: Ijyb, wielding a +0 dagger, wearing a +4 ring mail of fire resistance and carrying a wand of acid (10) (61% to hit)
You shoot a sling bullet. The sling bullet hits Ijyb.
Ijyb is lightly wounded.
Ijyb zaps a wand.
The bolt of acid hits you!!
Ouch! That really hurt!
The acid corrodes you! Ijyb screams, "Me stronger than you!"
You feel very mighty all of a sudden. Ijyb hits you but does no damage.
a - a +0 war axe (weapon)
You barely miss Ijyb.
Ijyb is lightly wounded.
Ijyb zaps a wand.
The bolt of acid hits you!
* * * LOW HITPOINT WARNING * * *
It was a potion of curing.
You feel better. Ijyb hits you but does no damage.
Okay, then.
You closely miss Ijyb.
Ijyb is lightly wounded.
You block Ijyb's attack. Ijyb hits you with a +0 dagger.
* * * LOW HITPOINT WARNING * * *
You completely miss Ijyb.
Ijyb is lightly wounded.
Ijyb screams, "Level is mine!
All mine!"
Ijyb zaps a wand.
The bolt of acid hits you!!
You die...

#((....
.......
(......
.......
.......
(......
####g......
#..@.......
#.#########
#.####
#....######
####.##...#
#.##.#.#
#....#.#
###....#
#####...<#


You could see Ijyb.

Vanquished Creatures
  Sigmund (D:3)
  A black bear (D:4)
  A kobold brigand (D:4)
  A bullfrog (D:3)
  A gnoll shaman (D:3)
  A hound (D:4)
  Jessica (D:3)
  An orc wizard (D:4)
  Robin (D:2)
  3 gnolls (D:3)
  An adder (D:4)
  A shadow imp (D:3)
  5 dart slugs
  2 worms (D:3)
  7 orcs
  10 bats
  4 endoplasms
  5 giant cockroaches
  17 goblins
  12 hobgoblins
  5 jackals (D:1)
  9 kobolds
  5 quokkas
  6 ball pythons
  3 frilled lizards
  6 rats
110 creatures vanquished.

Vanquished Creatures (others)
  A withered plant (D:1)
1 creature vanquished.

Grand Total: 111 creatures vanquished

Notes
Turn   | Place    | Note
-------+----------+-------------------------------------------
     0 | D:1      | benadryl the Gargoyle Fighter began the quest for the Orb.
     0 | D:1      | Reached XP level 1. HP: 14/14 MP: 1/1
   157 | D:1      | Found a faded altar of an unknown god.
   168 | D:1      | Reached XP level 2. HP: 19/19 MP: 2/2
   345 | D:1      | Reached XP level 3. HP: 15/23 MP: 3/3
   970 | D:2      | Noticed Robin
  1069 | D:2      | Killed Robin
  1070 | D:2      | Reached XP level 4. HP: 26/29 MP: 4/4
  1206 | D:2      | Found Loapna Warch's Antique Weapon Boutique.
  1216 | D:2      | Found Lottuixy's Weapon Boutique.
  1339 | D:2      | Found Wiusherph's Antique Armour Boutique.
  1380 | D:2      | Found Misatere's Book Shop.
  1419 | D:2      | Found a runed translucent door.
  1420 | D:2      | Noticed Crazy Yiuf
  1705 | D:3      | Noticed Sigmund
  1813 | D:3      | Found a blossoming altar of Fedhas.
  1813 | D:3      | Found a hide-covered altar of Uskayaw.
  1816 | D:3      | Killed Sigmund
  1817 | D:3      | Reached XP level 5. HP: 28/34 MP: 5/5
  1817 | D:3      | Reached XP level 6. HP: 32/39 MP: 6/6
  1994 | D:3      | Noticed an angel
  1996 | D:3      | Found a glowing silver altar of Zin.
  1996 | D:3      | Found a shimmering altar of Xom.
  1996 | D:3      | Noticed Jessica
  1998 | D:3      | Killed Jessica
  2556 | D:4      | Found a runed translucent gate.
  2557 | D:4      | Found a runed translucent gate.
  2557 | D:4      | Noticed iwittbrodt's ghost (amateur GnWn)
  2566 | D:4      | Found a runed translucent gate.
  2650 | D:4      | Reached skill level 5 in Fighting
  2650 | D:4      | Reached skill level 5 in Shields
  2669 | D:4      | Reached XP level 7. HP: 34/44 MP: 7/7
  2967 | D:4      | Found a basalt altar of Yredelemnul.
  2989 | D:4      | Reached skill level 5 in Axes
  3318 | D:4      | Found a shadowy altar of Dithmenos.
  4209 | D:4      | Found a hazy altar of Hepliaklqana.
  4223 | D:4      | Found a bloodstained altar of Trog.
  4365 | D:5      | Entered Level 5 of the Dungeon
  4384 | D:5      | Noticed Ijyb
  4395 | D:5      | Killed from afar by Ijyb

Illustrated notes

Levels and vault maps discovered:
D:1:      onia_arrival_pyramid, layout_rooms, ebering_ecumenical_altar_petrified
D:2:      layout_rooms, serial_shops, nicolae_shop_window_shopping,
          nicolae_shop_bloodbath_and_beyond, nicolae_shop_overgrown_old_shop,
          nicolae_shop_hallway_stairs, uniq_crazy_yiuf_cottage, uniq_robin
D:3:      layout_loops_ring, grunt_temple_overflow_order_and_chaos_1,
          chequers_temple_overflow_statue_of_worship, eino_curves_01,
          uniq_sigmund, uniq_jessica
D:4:      layout_basic, grunt_dithmenos_smoke, kennysheep_mini,
          lemuel_crystal_altar, general_overflow_altar, gammafunk_ghost_split,
          chequers_serial_rivers_micro_b
D:5:      layout_basic, minmay_fractal_squares_gapless_5, uniq_grinder,
          uniq_eustachio, uniq_ijyb

Skill      XL: |  1  2  3  4  5  6  7 |
---------------+----------------------+-----
Axes           | 2 4 5 |  5.3
Fighting       | 4 5 |  5.5
Shields        | 4 5 |  5.5
Maces & Flails | |  0.3
Armour         | |  3.2

Action                   |  1- 3 |  4- 6 |  7- 9 || total
-------------------------+-------+-------+-------++-------
Melee: War axe           |   111 |   116 |    74 ||   301
 Fire: Hunting sling     |     9 |     7 |     4 ||    20
  Use: Scroll            |       |     4 |       ||     4
       Potion            |       |       |     2 ||     2
Armor: Scale mail        |    48 |       |       ||    48
       Chain mail        |    31 |    79 |    57 ||   167
Dodge: Dodged            |    69 |    39 |    26 ||   134
Block: Buckler           |    37 |    22 |    39 ||    98
